[Event "Titled Tuesday Blitz February 15 Early 2022"]
[White "Goldin, Roman"]
[Black "Valle Maytin, Luis Enrique"]
[WhiteFideId "2803860"]
[BlackFideId "3503666"]
[WhiteElo "2312"]
[BlackElo "2005"]
[Result "1-0"]
[Round "06"]
[TimeControl "180+1"]
[Date "2022.02.15"]
[WhiteClock "0:00:08"]
[BlackClock "0:00:01"]

1. e4 c6 2. d4 d5 3. f3 e6 4. Nc3 Nf6 5. e5 Nfd7 6. f4 b6 7. Nf3 Ba6 8. Bd3 Bxd3 9. cxd3 Na6 10. O-O Nc7 11. g4 Be7 12. f5 c5 13. Qe2 cxd4 14. Nd1 Bc5 15. Ng5 O-O 16. Bd2 Qe7 17. a3 exf5 18. gxf5 Qxe5 19. Qg2 Nf6 20. b4 Bd6 21. Nf2 Qe7 22. Rae1 Qd7 23. Ng4 Nxg4 24. Qxg4 f6 25. Ne6 Nxe6 26. fxe6 Qe7 27. Qxd4 Rad8 28. Qg4 d4 29. Re2 Be5 30. Bh6 Kh8 31. Bf4 Bxf4 32. Rxf4 Rd5 33. h4 Rfd8 34. Rf5 R5d6 35. Rf4 Rd5 36. Rfe4 Rc8 37. Kg2 Rcd8 38. Rf4 h5 39. Qg6 R5d6 40. Rf5 1-0


[Site "https://www.chess.com"]

[Event "Titled Tuesday Blitz February 15 Early 2022"]
[White "Golizadeh, Asghar"]
[Black "Ankerst, Mihael"]
[WhiteFideId "12505269"]
[BlackFideId "14602369"]
[WhiteElo "2403"]
[BlackElo "2278"]
[Result "1/2-1/2"]
[Round "06"]
[TimeControl "180+1"]
[Date "2022.02.15"]
[WhiteClock "0:00:09"]
[BlackClock "0:00:15"]

1. e4 c5 2. Nf3 Qb6 3. Nc3 Nc6 4. Bc4 e6 5. O-O a6 6. Re1 d6 7. a4 Be7 8. b3 Nf6 9. Bb2 O-O 10. e5 dxe5 11. Nxe5 Nxe5 12. Rxe5 Qc7 13. Re1 b6 14. Ne4 Qd8 15. Qf3 Rb8 16. Be5 Bb7 17. d3 Bxe4 18. dxe4 Ra8 19. Rad1 Qe8 20. Qe2 Nd7 21. Bc3 Qc8 22. e5 Rd8 23. Qe4 Nf8 24. g3 Rb8 25. Qe2 Ra8 26. h4 Rd7 27. Rxd7 Nxd7 28. Rd1 Qb7 29. Bd3 Ra7 30. Bb2 h6 31. Be4 Qc8 32. Bd3 Nf8 33. Qe4 Ng6 34. Kg2 Rd7 35. Qe2 Nf8 36. Bxa6 Qd8 37. Rxd7 Qxd7 38. Bd3 Qd5+ 39. Qe4 Qd7 40. f4 g6 41. h5 gxh5 42. Qf3 c4 43. bxc4 Qxa4 44. Qxh5 Qb4 45. Bd4 Qd2+ 46. Bf2 Kg7 47. Qf3 Ng6 48. Qe3 Qc3 49. Bxg6 Qxe3 50. Bxe3 fxg6 51. Bxb6 Kf7 52. c5 Ke8 53. c6 h5 54. Kf3 Bb4 55. c4 Ke7 56. Ke4 Ke8 57. Kf3 Ke7 58. g4 Be1 59. gxh5 gxh5 60. Bc5+ Kd8 61. Bd6 Kc8 62. c7 Kd7 63. Kg2 Bd2 64. Kh3 Bxf4 65. Kh4 Be3 66. Kxh5 Bb6 67. Kg6 Be3 68. Kf7 Bf4 69. c5 Be3 70. c6+ Kc8 71. Kxe6 Bh6 72. Ke7 Bd2 73. e6 Bf4 74. Bxf4 1/2-1/2


[Site "https://www.chess.com"]

[Event "Titled Tuesday Blitz February 15 Early 2022"]
[White "Goltsev, Dmitry"]
[Black "Vaishali, Rameshbabu"]
[WhiteFideId "24176710"]
[BlackFideId "5091756"]
[WhiteElo "2273"]
[BlackElo "2343"]
[Result "1-0"]
[Round "06"]
[TimeControl "180+1"]
[Date "2022.02.15"]
[WhiteClock "0:00:11"]
[BlackClock "0:00:02"]

1. e4 e5 2. Nf3 Nc6 3. Bb5 a6 4. Ba4 Nf6 5. O-O b5 6. Bb3 Bb7 7. a4 Nxe4 8. Re1 Nc5 9. Nxe5 Nxe5 10. Rxe5+ Ne6 11. axb5 Bd6 12. Re3 Qh4 13. g3 Qh3 14. Qf1 Qf5 15. bxa6 Bc6 16. Nc3 O-O 17. Ba4 Bf3 18. Bxd7 Bc5 19. Qd3 Qh5 20. Rxf3 Ng5 21. Rf4 Rad8 22. Kg2 f5 23. Qc4+ Rf7 24. Qxc5 Qh3+ 25. Kg1 Rdxd7 26. a7 Rde7 27. a8=Q+ 1-0


[Site "https://www.chess.com"]

[Event "Titled Tuesday Blitz February 15 Early 2022"]
[White "Golubka, Petro"]
[Black "Harish, Neeraj"]
[WhiteFideId "14114224"]
[BlackFideId "30958130"]
[WhiteElo "2392"]
[BlackElo "1545"]
[Result "1-0"]
[Round "06"]
[TimeControl "180+1"]
[Date "2022.02.15"]
[WhiteClock "0:01:26"]
[BlackClock "0:00:18"]

1. d3 Nf6 2. c4 g6 3. Nc3 Bg7 4. g3 O-O 5. Bg2 c5 6. Qd2 Nc6 7. b3 e6 8. Bb2 d5 9. O-O-O d4 10. Na4 Qd6 11. f4 Nd7 12. Ba3 a6 13. e4 b5 14. e5 Qc7 15. Nxc5 Nxc5 16. Bxc5 Rd8 17. Kb1 bxc4 18. dxc4 a5 19. Bd6 Rxd6 20. exd6 Qxd6 21. Nf3 a4 22. Ne5 Bb7 23. c5 Qc7 24. Bxc6 Bxc6 25. Qxd4 axb3 26. axb3 Bd5 27. Rhe1 Bxb3 28. Rd3 Ba2+ 29. Kc1 Qa5 30. Qc3 Qb5 31. Kd2 g5 32. c6 gxf4 33. gxf4 Qb6 34. c7 Qf2+ 35. Re2 Qxf4+ 36. Kc2 Qa4+ 37. Kb2 Qb5+ 38. Kc1 Qb1+ 39. Kd2 Bh6+ 40. Ree3 Bxe3+ 41. Rxe3 Bc4 42. Rg3+ Kf8 43. Nxc4 Ra2+ 44. Ke3 1-0


[Site "https://www.chess.com"]

[Event "Titled Tuesday Blitz February 15 Early 2022"]
[White "Gontcharov, Vladislav"]
[Black "Prohorov, Olexandr"]
[WhiteFideId "4123492"]
[BlackFideId "14105578"]
[WhiteElo "2503"]
[BlackElo "1993"]
[Result "1-0"]
[Round "06"]
[TimeControl "180+1"]
[Date "2022.02.15"]
[WhiteClock "0:02:04"]
[BlackClock "0:02:33"]

1. e4 c5 2. Nf3 d6 3. d4 cxd4 4. Qxd4 Nf6 5. c4 Nc6 6. Qe3 g6 7. h3 Bg7 8. Nc3 O-O 9. Be2 Nd7 10. O-O Nc5 11. Bd2 Ne6 12. Rac1 Bd7 13. Rfd1 Ncd4 14. Be1 Rc8 15. Nxd4 Nxd4 16. Rxd4 Bxd4 17. Qxd4 b6 18. Bd2 Be6 19. Bh6 1-0


[Site "https://www.chess.com"]

[Event "Titled Tuesday Blitz February 15 Early 2022"]
[White "Goryachkina, Aleksandra"]
[Black "Siva Mahadevan"]
[WhiteFideId "4147103"]
[BlackFideId "25043153"]
[WhiteElo "2426"]
[BlackElo "2203"]
[Result "0-1"]
[Round "06"]
[TimeControl "180+1"]
[Date "2022.02.15"]
[WhiteClock "0:00:01"]
[BlackClock "0:01:23"]

1. e4 c5 2. Nf3 Nc6 3. Bb5 Na5 4. c3 a6 5. Ba4 b5 6. Bc2 Bb7 7. O-O e6 8. d4 cxd4 9. cxd4 Nf6 10. Re1 Rc8 11. Bg5 Be7 12. Nbd2 O-O 13. Rc1 Nc4 14. Nxc4 Rxc4 15. Bd3 Rxc1 16. Qxc1 Qb6 17. Qf4 Re8 18. e5 Nd5 19. Qh4 h6 20. Bxe7 Nxe7 21. Nd2 Qa5 22. Re2 Qxa2 23. h3 Qxb2 24. Ne4 Qc1+ 25. Kh2 Bxe4 26. Qxe4 g6 27. g3 Kg7 28. Rc2 Qa3 29. Rc7 Qa2 30. Kg1 Qd5 31. Qf4 Nf5 32. Bxf5 exf5 33. Rc5 Qb3 0-1


[Site "https://www.chess.com"]

[Event "Titled Tuesday Blitz February 15 Early 2022"]
[White "Gozzoli, Yannick"]
[Black "Al-Tarboush, Ward"]
[WhiteFideId "616915"]
[BlackFideId "7601450"]
[WhiteElo "2609"]
[BlackElo "2276"]
[Result "1-0"]
[Round "06"]
[TimeControl "180+1"]
[Date "2022.02.15"]
[WhiteClock "0:01:19"]
[BlackClock "0:00:22"]

1. d4 b6 2. c4 Bb7 3. Nf3 Nf6 4. g3 e6 5. Bg2 Be7 6. O-O O-O 7. Re1 c5 8. d5 exd5 9. Nh4 d6 10. Nf5 Nbd7 11. Nc3 g6 12. Nxe7+ Qxe7 13. Bg5 Qe5 14. Bf4 Qe7 15. cxd5 Ne5 16. Bg5 Kg7 17. Qc1 Rfe8 18. Qf4 Ned7 19. Bh3 Qe5 20. Qh4 Nf8 21. e4 Ng8 22. Bf4 g5 1-0


[Site "https://www.chess.com"]

[Event "Titled Tuesday Blitz February 15 Early 2022"]
[White "Grineva, Marianna"]
[Black "Desideri, Ricardo Maruchi"]
[WhiteFideId "14102013"]
[BlackFideId "2110440"]
[WhiteElo "1954"]
[BlackElo "1945"]
[Result "1-0"]
[Round "06"]
[TimeControl "180+1"]
[Date "2022.02.15"]
[WhiteClock "0:00:23"]
[BlackClock "0:00:15"]

1. e4 c5 2. Nf3 d6 3. Nc3 Nf6 4. d4 cxd4 5. Nxd4 a6 6. f3 e6 7. Be3 b5 8. Qd2 Bb7 9. a4 b4 10. Nce2 d5 11. e5 Nfd7 12. f4 Nc5 13. Ng3 Nbd7 14. Be2 Be7 15. O-O Ne4 16. Nxe4 dxe4 17. Rad1 Nb6 18. b3 Nd5 19. Kh1 O-O 20. f5 Nc3 21. Rde1 Qc7 22. f6 Bc5 23. fxg7 Rfd8 24. Bh5 Rd7 25. Qf2 Nd5 26. Nxe6 Bxe3 27. Rxe3 Nxe3 28. Nxc7 Nxf1 29. Nxa8 Bxa8 30. Qxf1 1-0


[Site "https://www.chess.com"]

[Event "Titled Tuesday Blitz February 15 Early 2022"]
[White "Gubajdullin, Alexei"]
[Black "Ljukin, Sergei"]
[WhiteFideId "4141202"]
[BlackFideId "14102200"]
[WhiteElo "2268"]
[BlackElo "2312"]
[Result "0-1"]
[Round "06"]
[TimeControl "180+1"]
[Date "2022.02.15"]
[WhiteClock "0:00:23"]
[BlackClock "0:00:22"]

1. d4 d5 2. Nf3 Nf6 3. Bf4 c5 4. e3 Nc6 5. Nbd2 Bf5 6. c3 e6 7. Bb5 Bd6 8. Ne5 Qc7 9. Qa4 Rc8 10. Ndf3 O-O 11. dxc5 Bxe5 12. Nxe5 Nxe5 13. Qd4 Qxc5 14. Bxe5 Qxb5 15. Bxf6 gxf6 16. Qxf6 Qxb2 17. Qg5+ Bg6 18. O-O Qxc3 19. h4 Qg7 20. f3 Rc2 21. Rfc1 Rfc8 22. Rf1 Bd3 23. Rfd1 Qxg5 24. hxg5 Bg6 25. Rd4 Re2 26. a4 Rcc2 27. Rg4 Rxe3 28. a5 Rc4 29. Rg3 d4 30. a6 b6 31. Rg4 e5 32. Ra2 Rc2 33. Ra1 Bf5 34. Rg3 d3 35. Kh2 d2 36. Rd1 Re2 37. f4 Rc1 38. Rxd2 Rxd2 39. fxe5 Rcc2 40. e6 Bxe6 41. g6 Rxg2+ 42. Kh1 Rh2+ 43. Kg1 hxg6 44. Rc3 Rxc3 45. Kxh2 b5 46. Kg2 b4 47. Kf2 Bc4 48. Ke1 Rd3 49. Ke2 b3 50. Kf2 b2 0-1


[Site "https://www.chess.com"]

[Event "Titled Tuesday Blitz February 15 Early 2022"]
[White "Guliyev, Namig"]
[Black "Shuvalov, Evgenij"]
[WhiteFideId "13400363"]
[BlackFideId "4187237"]
[WhiteElo "2487"]
[BlackElo "2119"]
[Result "1-0"]
[Round "06"]
[TimeControl "180+1"]
[Date "2022.02.15"]
[WhiteClock "0:01:42"]
[BlackClock "0:00:11"]

1. e4 e6 2. d4 d5 3. Nc3 Bb4 4. e5 c5 5. a3 Bxc3+ 6. bxc3 Ne7 7. Qg4 Qc7 8. Qxg7 Rg8 9. Qxh7 cxd4 10. Ne2 Nbc6 11. f4 Bd7 12. h4 dxc3 13. h5 O-O-O 14. h6 Qb6 15. Qxf7 Nf5 16. h7 Rh8 17. Nxc3 Qd4 18. Rh3 Rdf8 19. Qg6 Nce7 20. Qh5 Be8 21. Qd1 Bg6 22. Rb1 Rxh7 23. Nb5 Qg1 24. Rxh7 Bxh7 25. Qe2 a6 26. Nd6+ Nxd6 27. exd6 Nc6 28. Qxe6+ Kb8 29. Be3 Qh1 30. d7 Bxc2 31. Qd6+ Ka8 32. Qxf8+ Nb8 33. d8=Q 1-0


[Site "https://www.chess.com"]

[Event "Titled Tuesday Blitz February 15 Early 2022"]
[White "Gunina, Valentina"]
[Black "Stepanencu, Nicodim-Cosmin"]
[WhiteFideId "4167570"]
[BlackFideId "1256220"]
[WhiteElo "2465"]
[BlackElo "1809"]
[Result "1-0"]
[Round "06"]
[TimeControl "180+1"]
[Date "2022.02.15"]
[WhiteClock "0:02:25"]
[BlackClock "0:00:46"]

1. d4 Nf6 2. c4 e6 3. Nf3 d5 4. Nc3 dxc4 5. e4 Bb4 6. Bxc4 Nxe4 7. O-O Nxc3 8. bxc3 Be7 9. Bf4 O-O 10. Re1 Nd7 11. Qc2 b6 12. Rad1 c6 13. Bd3 h6 14. Qc1 g5 15. Bg3 Kg7 16. Ne5 Nxe5 17. dxe5 Qc7 18. f4 c5 19. fxg5 hxg5 20. Rf1 Bb7 21. Rf6 Rg8 22. Qxg5+ Kf8 23. Rxf7+ Kxf7 24. Rf1+ Ke8 25. Qxg8+ Kd7 26. Bb5+ 1-0


[Site "https://www.chess.com"]

[Event "Titled Tuesday Blitz February 15 Early 2022"]
[White "Gurevich, Dmitry"]
[Black "Wong, Yinn Long"]
[WhiteFideId "2000407"]
[BlackFideId "5707684"]
[WhiteElo "2506"]
[BlackElo "2055"]
[Result "1-0"]
[Round "06"]
[TimeControl "180+1"]
[Date "2022.02.15"]
[WhiteClock "0:00:10"]
[BlackClock "0:00:03"]

1. d4 Nf6 2. c4 e6 3. g3 Bb4+ 4. Nd2 O-O 5. Bg2 a5 6. Nf3 Re8 7. O-O Nc6 8. Qc2 Bxd2 9. Bxd2 d6 10. Bc3 Qe7 11. Rfe1 e5 12. dxe5 Nxe5 13. b3 Nc6 14. Nd4 Ne5 15. Rad1 c6 16. h3 a4 17. e4 axb3 18. axb3 Qc7 19. f4 Ng6 20. Nf5 Bxf5 21. exf5 Nf8 22. g4 N6d7 23. Rxe8 Rxe8 24. Kh1 Nc5 25. b4 Ncd7 26. Qd2 Nb6 27. Qd4 f6 28. c5 dxc5 29. bxc5 Nbd7 30. Bf1 Kh8 31. Bc4 b6 32. cxb6 Nxb6 33. Bb3 c5 34. Qd6 Qb7+ 35. Kg1 Qf3 36. Qd3 Re3 37. Qf1 Qxf1+ 38. Kxf1 Rxc3 39. Rd8 Nd7 40. Be6 h5 41. Bxd7 Kh7 42. Be6 Nxe6 43. fxe6 Re3 44. f5 hxg4 45. hxg4 Kh6 46. Kf2 Re5 47. Kf3 c4 48. Rh8+ Kg5 49. Rh5# 1-0


[Site "https://www.chess.com"]

[Event "Titled Tuesday Blitz February 15 Early 2022"]
[White "Guseva, Marina"]
[Black "Kurbonboeva, Sarvinoz"]
[WhiteFideId "4149351"]
[BlackFideId "14201780"]
[WhiteElo "2232"]
[BlackElo "2054"]
[Result "1-0"]
[Round "06"]
[TimeControl "180+1"]
[Date "2022.02.15"]
[WhiteClock "0:00:12"]
[BlackClock "0:00:01"]

1. d4 d5 2. c4 e6 3. Nf3 c6 4. Nc3 dxc4 5. e3 b5 6. a4 Bb4 7. Bd2 a5 8. axb5 Bxc3 9. Bxc3 cxb5 10. b3 Bb7 11. bxc4 b4 12. Bb2 Nf6 13. Bd3 O-O 14. O-O Nbd7 15. c5 Bc6 16. Bc2 Ne4 17. Ba4 Qc7 18. Qc2 Bd5 19. Rfc1 Rfb8 20. Ne1 b3 21. Qd1 f5 22. f3 Nef6 23. Nd3 g5 24. Qd2 g4 25. Ne5 gxf3 26. gxf3 Nxe5 27. dxe5 Nd7 28. Kf2 Kf7 29. c6 Nb6 30. Qd4 Nxa4 31. Rxa4 Rg8 32. Qh4 Ke8 33. Ba3 1-0


[Site "https://www.chess.com"]

[Event "Titled Tuesday Blitz February 15 Early 2022"]
[White "Guz, Ari"]
[Black "Bugayev, Vladimir"]
[WhiteFideId "2825759"]
[BlackFideId "30901480"]
[WhiteElo "1913"]
[BlackElo "2396"]
[Result "1/2-1/2"]
[Round "06"]
[TimeControl "180+1"]
[Date "2022.02.15"]
[WhiteClock "0:00:45"]
[BlackClock "0:00:17"]

1. d4 Nf6 2. Bf4 g6 3. Nc3 d5 4. e3 a6 5. h3 Bg7 6. Bd3 c5 7. Nf3 Nc6 8. O-O cxd4 9. exd4 O-O 10. Ne2 Bf5 11. Bxf5 gxf5 12. Ng3 e6 13. c3 Ne4 14. Nh5 f6 15. Nxg7 Kxg7 16. Kh2 Qe8 17. Be3 Qb8+ 18. Kh1 f4 19. Bc1 Kh8 20. Nh4 Qd6 21. Qh5 Rg8 22. Qf3 e5 23. Rd1 Qe6 24. dxe5 fxe5 25. c4 Nd4 26. Rxd4 exd4 27. cxd5 Ng3+ 28. Kh2 Nf1+ 29. Kg1 Qe1 30. Bxf4 Qxa1 31. Be5+ Rg7 32. Bxg7+ Kg8 33. Qf6 Ng3+ 34. Kh2 Nf1+ 35. Kg1 Ng3+ 36. Kh2 Nf1+ 37. Kg1 1/2-1/2


[Site "https://www.chess.com"]

[Event "Titled Tuesday Blitz February 15 Early 2022"]
[White "Hakobyan, Aram"]
[Black "Janaszak, Dawid"]
[WhiteFideId "13306677"]
[BlackFideId "1119206"]
[WhiteElo "2557"]
[BlackElo "2199"]
[Result "1-0"]
[Round "06"]
[TimeControl "180+1"]
[Date "2022.02.15"]
[WhiteClock "0:00:26"]
[BlackClock "0:00:01"]

1. b4 e5 2. Bb2 Bxb4 3. Bxe5 Nf6 4. c3 Bc5 5. Nf3 O-O 6. e3 b6 7. Be2 Bb7 8. O-O Nc6 9. Bxf6 Qxf6 10. d4 Be7 11. Nbd2 d5 12. c4 dxc4 13. Nxc4 Qg6 14. Rc1 Rad8 15. Bd3 Qh5 16. Be4 Na5 17. Bxb7 Nxb7 18. Nfe5 Qxd1 19. Rfxd1 Bd6 20. Nc6 Ra8 21. e4 Bf4 22. Rc2 Nd8 23. Ne7+ Kh8 24. Nd5 Ne6 25. g3 Bh6 26. Ne7 c5 27. dxc5 bxc5 28. Nf5 Bg5 29. Rd7 Bf6 30. e5 Bd8 31. Ncd6 Kg8 32. Rb2 Bb6 33. a4 Nd4 34. Ne7+ Kh8 35. Nd5 Nf3+ 36. Kg2 Nxe5 37. Re7 f6 38. a5 Bd8 39. Reb7 Bxa5 40. f4 Nc6 41. Re2 Bb4 42. Rc7 Nd4 43. Ree7 c4 44. Rxg7 Rfb8 45. Rxh7+ Kg8 46. Nxf6+ 1-0


[Site "https://www.chess.com"]

[Event "Titled Tuesday Blitz February 15 Early 2022"]
[White "Dronavalli, Harika"]
[Black "Dubov, Daniil"]
[WhiteFideId "5015197"]
[BlackFideId "24126055"]
[WhiteElo "2382"]
[BlackElo "2791"]
[Result "0-1"]
[Round "06"]
[TimeControl "180+1"]
[Date "2022.02.15"]
[WhiteClock "0:00:07"]
[BlackClock "0:00:29"]

1. d4 Nf6 2. c4 e6 3. Nc3 d5 4. Bg5 Be7 5. e3 O-O 6. Nf3 h6 7. Bxf6 Bxf6 8. Qc2 dxc4 9. Bxc4 Nd7 10. a3 c5 11. Rd1 cxd4 12. Nxd4 Qe7 13. Ba2 Nb6 14. Ne4 Bd7 15. Bb1 g6 16. Nxf6+ Qxf6 17. O-O Rac8 18. Qe2 Rc7 19. Nb5 Rc5 20. Nd6 Bc6 21. Ne4 Bxe4 22. Bxe4 Rc7 23. Rd4 Rfc8 24. Rfd1 Nc4 25. h3 Kg7 26. a4 Qe5 27. b3 Na5 28. f4 Qf6 29. Qb5 Rc5 30. Qb4 b6 31. Kh2 Rc3 32. R1d3 Rxd3 33. Rxd3 e5 34. Rd6 Qe7 35. Rxb6 Qh4 36. Rb5 exf4 37. exf4 Qxf4+ 38. g3 Qf2+ 39. Bg2 Rc2 40. Qe4 Nc6 41. Rb7 Nd4 42. Qe5+ Kh7 43. Qd5 Nf3+ 0-1


[Site "https://www.chess.com"]

[Event "Titled Tuesday Blitz February 15 Early 2022"]
[White "Harshavardhan G B"]
[Black "Nurmanova, Alua"]
[WhiteFideId "25059009"]
[BlackFideId "13729390"]
[WhiteElo "1831"]
[BlackElo "1851"]
[Result "0-1"]
[Round "06"]
[TimeControl "180+1"]
[Date "2022.02.15"]
[WhiteClock "0:00:18"]
[BlackClock "0:00:13"]

1. e4 c5 2. Nf3 d6 3. d4 cxd4 4. Nxd4 Nf6 5. Nc3 a6 6. Qf3 e6 7. g4 Nfd7 8. Be3 b5 9. a3 Bb7 10. g5 Ne5 11. Qg2 Qc7 12. f4 Nc4 13. Bxc4 Qxc4 14. h4 Nd7 15. h5 b4 16. axb4 Qxb4 17. Nb3 Nc5 18. Bxc5 dxc5 19. g6 hxg6 20. hxg6 Rxh1+ 21. Qxh1 fxg6 22. Qh3 Qb6 23. O-O-O c4 24. Nd4 Bc8 25. Qg3 Kf7 26. Nf3 Rb8 27. Ne5+ Kg8 28. Qxg6 Qxb2+ 29. Kd2 Rb7 30. Rb1 Qa3 31. Rxb7 Bxb7 32. Qf7+ Kh7 33. Qxb7 Bb4 34. Qd7 Qxc3+ 35. Ke2 Qxc2+ 36. Kf3 Be1 37. Ng4 Qd3+ 38. Qxd3 cxd3 39. Ne5 d2 40. Ke2 a5 41. Nc4 a4 42. Kd1 Kg6 43. Ke2 Kf6 44. Kd1 g5 45. fxg5+ Kxg5 46. e5 Kf4 47. Kc2 Ke4 48. Kd1 Kd5 49. Nb6+ Kxe5 50. Nxa4 Kd4 51. Kc2 e5 52. Nc3 e4 53. Ne2+ Ke3 54. Kd1 Kf2 55. Nc3 e3 56. Ne2 Kf1 57. Nf4 Bh4 58. Ne2 Bf2 59. Nf4 Bg3 60. Ne2 Be5 0-1


[Site "https://www.chess.com"]

[Event "Titled Tuesday Blitz February 15 Early 2022"]
[White "Hess, Robert"]
[Black "Milanovic, Marko"]
[WhiteFideId "2022036"]
[BlackFideId "980129"]
[WhiteElo "2557"]
[BlackElo "1976"]
[Result "1-0"]
[Round "06"]
[TimeControl "180+1"]
[Date "2022.02.15"]
[WhiteClock "0:02:19"]
[BlackClock "0:01:02"]

1. b3 d5 2. Bb2 Bf5 3. d3 Nf6 4. Nd2 h6 5. h3 e6 6. Ngf3 Be7 7. g4 Bh7 8. Rg1 O-O 9. g5 hxg5 10. Nxg5 Nbd7 11. e3 e5 12. Nxh7 Nxh7 13. Qf3 c6 14. Qg3 Bf6 15. Be2 Kh8 16. Bg4 Bh4 17. Qg2 Bf6 18. O-O-O Rg8 19. h4 Ndf8 20. Nf3 Qe7 21. Ng5 Ng6 22. Nxh7 Kxh7 23. Bf5 Rge8 24. h5 Kg8 25. hxg6 1-0


[Site "https://www.chess.com"]

[Event "Titled Tuesday Blitz February 15 Early 2022"]
[White "Hirneise, Jens"]
[Black "Magallanes, Rey Jomar"]
[WhiteFideId "24614734"]
[BlackFideId "5205948"]
[WhiteElo "2323"]
[BlackElo "2222"]
[Result "1-0"]
[Round "06"]
[TimeControl "180+1"]
[Date "2022.02.15"]
[WhiteClock "0:01:15"]
[BlackClock "0:00:42"]

1. e4 e5 2. Nf3 Nc6 3. Bc4 Bc5 4. c3 Nf6 5. d3 d6 6. O-O a5 7. a4 Be6 8. Qe2 Bxc4 9. dxc4 h5 10. Na3 h4 11. Nc2 h3 12. g3 Ne7 13. Bg5 Ng6 14. Ne3 Qd7 15. Nf5 Nh5 16. Rfd1 f6 17. Be3 Bxe3 18. fxe3 Qe6 19. c5 dxc5 20. g4 Kf8 21. gxh5 Rxh5 22. Kh1 Ne7 23. Nxe7 Kxe7 24. Rg1 Rg8 25. Nd2 Rh4 26. Qb5 b6 27. b4 cxb4 28. cxb4 axb4 29. Qxb4+ Kf7 30. Rac1 c5 31. Qc4 Qxc4 32. Nxc4 Rxe4 33. Nd6+ Ke6 34. Nxe4 1-0


[Site "https://www.chess.com"]

[Event "Titled Tuesday Blitz February 15 Early 2022"]
[White "Howell, David W L"]
[Black "Sinitsina, Anastassia"]
[WhiteFideId "410608"]
[BlackFideId "4504640"]
[WhiteElo "2559"]
[BlackElo "2144"]
[Result "0-1"]
[Round "06"]
[TimeControl "180+1"]
[Date "2022.02.15"]
[WhiteClock "0:00:04"]
[BlackClock "0:00:02"]

1. e4 e5 2. Nf3 Nc6 3. Bc4 Bc5 4. b4 Bxb4 5. c3 Ba5 6. d4 d6 7. Qb3 Qe7 8. d5 Nd4 9. Qa4+ Bd7 10. Qxa5 Nc2+ 11. Kd1 Nxa1 12. Bb2 Nf6 13. Bd3 c6 14. c4 cxd5 15. cxd5 O-O 16. Bxa1 Bg4 17. Nd2 Nh5 18. Re1 Nf4 19. Bf1 Rfc8 20. Bb2 Rc5 21. Qb4 b6 22. g3 Nh3 23. Bxh3 Bxh3 24. Ng1 Bg4+ 25. f3 Bd7 26. Ne2 Rac8 27. Nc3 Qd8 28. Ke2 Qc7 29. Rc1 a5 30. Qb3 Qb7 31. Kf2 b5 32. Ne2 b4 33. a3 Rxc1 34. Nxc1 Qa7+ 35. Kg2 bxa3 36. Bxa3 a4 37. Qd3 Qb6 38. Nc4 Qd4 39. Qxd4 exd4 40. Nb6 Rc2+ 41. Kf1 Bb5+ 42. Ke1 Rxh2 43. Bxd6 d3 44. Bb4 a3 45. Bxa3 d2+ 46. Kd1 dxc1=Q+ 47. Kxc1 Rf2 48. f4 Rf3 49. Bb4 Rxg3 50. d6 Rd3 51. e5 Rd4 52. Bc5 Rxf4 53. d7 Bxd7 54. Nxd7 Rc4+ 55. Kd2 h5 56. Kd3 Rc1 57. Ke4 Rd1 58. Bd6 g6 59. Kf3 Kg7 60. Nc5 g5 61. Ne4 Kg6 62. Nf2 Rd5 63. Ke4 Rd2 64. Ke3 Ra2 65. Be7 g4 66. Kf4 Rxf2+ 67. Kg3 Re2 68. Bf6 Re3+ 69. Kf4 Rf3+ 70. Ke4 h4 71. Bxh4 Kh5 72. Be7 Rf1 73. Bd8 g3 74. Ke3 g2 0-1


[Site "https://www.chess.com"]

[Event "Titled Tuesday Blitz February 15 Early 2022"]
[White "Ianov, Viktor"]
[Black "Carrasco Miranda, Andres"]
[WhiteFideId "14102730"]
[BlackFideId "3405990"]
[WhiteElo "2215"]
[BlackElo "2177"]
[Result "1-0"]
[Round "06"]
[TimeControl "180+1"]
[Date "2022.02.15"]
[WhiteClock "0:01:49"]
[BlackClock "0:01:44"]

1. Nf3 Nf6 2. g3 g6 3. b3 Bg7 4. Bb2 O-O 5. Bg2 d5 6. c4 d4 7. Bxd4 Nc6 8. Bb2 a5 9. Nc3 Ne4 10. Qc1 Nc5 11. O-O Bf5 12. d3 Qd7 13. Rd1 Bh3 14. Nd5 Bxg2 15. Kxg2 f6 16. Bc3 e6 17. Ne3 Ne7 18. Qc2 Kh8 19. d4 Na6 20. Bxa5 Nf5 21. Nxf5 gxf5 22. Bc3 f4 23. gxf4 Bh6 24. Qe4 Rg8+ 25. Kh1 Rg4 26. e3 f5 27. d5+ Kg8 28. Qxe6+ Qxe6 29. dxe6 Nc5 30. e7 Re8 31. Rd8 Kf7 32. Ne5+ Kxe7 33. Rxe8+ Kxe8 34. Nxg4 fxg4 35. Rd1 Ne4 36. Be1 Bg7 37. Kg2 h5 38. f3 Nf6 39. e4 1-0


[Site "https://www.chess.com"]

[Event "Titled Tuesday Blitz February 15 Early 2022"]
[White "Indjic, Aleksandar"]
[Black "Krysa, Leandro"]
[WhiteFideId "911925"]
[BlackFideId "116807"]
[WhiteElo "2616"]
[BlackElo "2490"]
[Result "0-1"]
[Round "06"]
[TimeControl "180+1"]
[Date "2022.02.15"]
[WhiteClock "0:00:10"]
[BlackClock "0:00:04"]

1. e4 c5 2. Nc3 Nc6 3. Bb5 Nd4 4. Nf3 e6 5. Bd3 Nc6 6. O-O d6 7. b3 e5 8. Nd5 Nf6 9. Re1 Be7 10. Bc4 O-O 11. c3 Bg4 12. h3 Bh5 13. d3 Nxd5 14. Bxd5 Kh8 15. g4 Bg6 16. Kg2 h6 17. h4 Bh7 18. Rh1 Qd7 19. Ng1 Bd8 20. Bxc6 bxc6 21. c4 d5 22. Be3 dxe4 23. dxe4 Bxe4+ 24. f3 Qxg4+ 25. Kf1 Qf5 26. Bxc5 Bd3+ 27. Kf2 Bb6 28. Bxb6 axb6 29. Qd2 Rad8 30. Qe3 Rd4 31. Rh3 Rfd8 32. Re1 f6 33. Kg2 e4 34. f4 b5 35. cxb5 Bxb5 36. Rg3 c5 37. Kh1 Rd3 38. Qf2 Rd2 39. Ne2 R8d3 40. Rg2 Rf3 41. Qg1 e3 42. Qh2 Bc6 43. Kg1 Rf2 44. Rxf2 exf2+ 45. Qxf2 Qg4+ 46. Qg3 Qxg3+ 47. Nxg3 Rg2+ 48. Kf1 Rxg3 49. Rc1 Be4 50. Rxc5 f5 51. Kf2 Rg2+ 52. Ke3 Rxa2 53. b4 Rb2 54. b5 Rb4 55. h5 Kg8 56. Re5 Kf7 57. Kd2 Kf6 58. Ke3 Rb3+ 59. Kd4 g6 60. hxg6 Kxg6 61. Re6+ Kh5 62. Rb6 Kg4 63. Ke5 h5 64. Rg6+ Kf3 65. b6 h4 66. Rh6 Kg3 67. Rg6+ Kh2 68. Rh6 h3 69. Kd4 Kg2 70. b7 Rxb7 71. Rg6+ Kh1 72. Rh6 h2 73. Ke3 Rb2 74. Rh3 Kg2 75. Rg3+ Kh1 76. Rh3 Rb3+ 77. Kf2 Rxh3 78. Kf1 Rh7 79. Ke2 Rg7 80. Kf2 Rg2+ 81. Kf1 Ra2 82. Ke1 Kg2 83. Kd1 h1=Q# 0-1


[Site "https://www.chess.com"]

[Event "Titled Tuesday Blitz February 15 Early 2022"]
[White "Iskusnyh, Sergei"]
[Black "Miszler, Levente"]
[WhiteFideId "4120027"]
[BlackFideId "763276"]
[WhiteElo "2492"]
[BlackElo "1966"]
[Result "1-0"]
[Round "06"]
[TimeControl "180+1"]
[Date "2022.02.15"]
[WhiteClock "0:00:09"]
[BlackClock "0:00:01"]

1. d4 e6 2. c4 Nf6 3. g3 d5 4. Bg2 dxc4 5. Nf3 c5 6. O-O Nc6 7. Na3 cxd4 8. Nxc4 Be7 9. Bf4 O-O 10. Nfe5 Nd5 11. Nxc6 bxc6 12. Qxd4 Nxf4 13. Qxf4 Ba6 14. Rfd1 Qb8 15. Rac1 Bxc4 16. Rxc4 Qxb2 17. Bxc6 Rac8 18. Rd2 Qb1+ 19. Kg2 Bf6 20. Rdc2 Rcd8 21. h4 Rd1 22. Be4 Rg1+ 23. Kh2 Qa1 24. Rc8 Rd1 25. Rxf8+ Kxf8 26. Rc8+ Bd8 27. Qc7 Qd4 28. e3 Qd6 29. Qc4 f5 30. Bf3 Rd2 31. Kg2 Ke7 32. Qc3 Kf7 33. Bh5+ g6 34. Bf3 Bf6 35. Rc7+ Kg8 36. Qc4 Be5 37. Rxa7 Bxg3 38. Qc8+ Qd8 39. Qxe6+ Kh8 40. Qf7 Rxf2+ 41. Kxg3 Rxf3+ 42. Kxf3 Qd1+ 43. Kf4 Qf1+ 44. Ke5 Qb5+ 45. Qd5 Qb2+ 46. Qd4 Qb5+ 47. Ke6+ 1-0


[Site "https://www.chess.com"]